 Dungeon Crawl Stone Soup version 0.28-a0-691-gad6df49e81 (webtiles) character file.

Game seed: 8624259100040212557

8229 ytrimaz the Transmogrifier (level 11, -3/94 HPs)
             Began as a Black Draconian Transmuter on Oct 20, 2021.
             Was a Priest of Dithmenos.
             Slain by a five-headed hydra (6 damage)
             ... on level 10 of the Dungeon.
             The game lasted 00:31:46 (18114 turns).

ytrimaz the Transmogrifier (DrTm)                  Turns: 18114, Time: 00:31:48

Health: -3/94      AC: 12    Str: 13    XL:     11   Next: 7%
Magic:  43/43      EV: 13    Int: 21    God:    Dithmenos [***...]
Gold:   998        SH:  0    Dex: 12    Spells: 14/29 levels left

rFire   . . .      SeeInvis .     - Unarmed
rCold   . . .      Faith    .   (no shield)
rNeg    . . .      Spirit   .   (armour unavailable)
rPois   +          Reflect  .   y - +3 hat of Pondering {ponderous, Will+ MP+10 Int+5}
rElec   +          Harm     .   i - +1 cloak
rCorr   .          Rampage  .   (no gloves)
Will    +....                   (no boots)
Stlth   +.........              f - amulet of the acrobat
HPRegen 0.25/turn               k - ring of poison resistance
MPRegen 0.28/turn               a - ring of magical power

@: about to teleport, wereblooded, wreathed by umbra, slow
A: breathe lightning, AC +7, unfitting armour, electricity resistance,
cold-blooded
a: Breathe Lightning, Renounce Religion, Shadow Step


You were on level 10 of the Dungeon.
You worshipped Dithmenos.
Dithmenos was most pleased with you.
You visited 2 branches of the dungeon, and saw 12 of its levels.

You collected 998 gold pieces.

Inventory:

Missiles
 o - a throwing net
Armour
 i - a +1 cloak (worn)
 m - the +0 buckler of the Lute {Will+ rCorr}
   (You found it on level 9 of the Dungeon)

   rCorr:     It protects you from acid and corrosion.
   Will:      It increases your willpower.
 y - the +3 hat of Pondering (worn) {ponderous, Will+ MP+10 Int+5}
   (You took it off Gastronok on level 9 of the Dungeon)

   Int:       It affects your intelligence (+5).
   MP:        It affects your magic capacity (+10).
   Will:      It increases your willpower.
Jewellery
 a - a ring of magical power (right hand)
 c - an amulet of guardian spirit
 e - a ring of protection from cold
 f - an amulet of the acrobat (around neck)
 k - a ring of poison resistance (left hand)
 s - an amulet of magic regeneration
Wands
 d - a wand of mindburst (21)
 n - a wand of flame (31)
 t - a wand of paralysis (3)
 u - a wand of digging (6)
Scrolls
 b - 2 scrolls of magic mapping
 j - a scroll of teleportation
 x - 2 scrolls of identify
Potions
 g - a potion of flight
 h - 2 potions of curing
 l - a potion of attraction
 p - 2 potions of ambrosia
 q - a potion of brilliance
 r - a potion of heal wounds
 v - a potion of lignification


   Skills:
 - Level 8.0 Fighting
 * Level 3.9 Dodging
 - Level 7.0 Unarmed Combat
 * Level 9.6 Spellcasting
 + Level 9.6 Transmutations


You had 14 spell levels left.
You knew the following spells:

 Your Spells              Type           Power      Damage    Failure   Level
a - Beastly Appendage     Tmut           100%       N/A       1%          1
b - Spider Form           Tmut/Pois      15%        N/A       2%          3
c - Wereblood             Tmut           50%        N/A       1%          2
d - Ice Form              Ice/Tmut       30%        N/A       10%         4
e - Blade Hands           Tmut           25%        N/A       3%          5

Your spell library contained the following spells:

 Spells                   Type           Power      Damage    Failure   Level
 Freeze                   Ice            40%        1d6       7%          1
 Corpse Rot               Necr/Air       20%        N/A       11%         2
 Ensorcelled Hibernation  Hex/Ice        20%        N/A       11%         2
 Poisonous Vapours        Pois/Air       20%        N/A       11%         2
 Call Canine Familiar     Summ           10%        N/A       21%         3
 Frozen Ramparts          Ice            20%        1d4       21%         3
 Portal Projectile        Hex/Tloc       20%        N/A       21%         3
 Tukima's Dance           Hex            10%        N/A       21%         3
 Hailstorm                Conj/Ice       10%        3d5       56%         4
 Leda's Liquefaction      Hex/Erth       5%         N/A       56%         4
 Summon Ice Beast         Ice/Summ       10%        N/A       56%         4
 Summon Mana Viper        Hex/Summ       10%        N/A       88%         5
 Iron Shot                Conj/Erth      5%         9d2       100%        6
 Monstrous Menagerie      Summ           5%         N/A       100%        7
 Animate Armour           Summ/Erth      Unusable   N/A       N/A         4

Dungeon Overview and Level Annotations

Branches:
Dungeon (11/15)            Temple (1/1) D:7             Orc (0/2) D:10
   Lair: D:8-11

Altars:
Ashenzari
Cheibriados
Dithmenos
Elyvilon
Fedhas
Gozag
Hepliaklqana
Kikubaaqudgha
Makhleb
Nemelex Xobeh
Okawaru
Qazlal
Ru
Sif Muna
Trog
Uskayaw
Vehumet
Wu Jian
Xom
Yredelemnul
Zin
The Shining One

Shops:
D:9 [

Annotations:
D:11 Harold, Urug


Innate Abilities, Weirdness & Mutations

You can breathe wild blasts of lightning.
Your glossy black scales are hard. (AC +7)
You cannot fit into any form of body armour.
You are resistant to electric shocks. (rElec)
You are cold-blooded and may be slowed by cold attacks.


Message History

The five-headed hydra bites you.
* * * LOW HITPOINT WARNING * * *
The five-headed hydra closely misses you.
The five-headed hydra misses you. The five-headed hydra bites you.
* * * LOW HITPOINT WARNING * * *
The five-headed hydra misses you.
The five-headed hydra completely misses you.
The five-headed hydra misses you.
The five-headed hydra completely misses you.
The five-headed hydra closely misses you.
Your transformation is almost over.
You see here a +0 flail of protection.
You see here a +0 short sword.
Things that are here:
an amulet of the acrobat; a +0 plate armour; a +0 mace The five-headed hydra completely misses you. x2
The five-headed hydra bites you but does no damage.
The five-headed hydra completely misses you.
The five-headed hydra bites you.
* * * LOW HITPOINT WARNING * * *
Your hands revert to their normal proportions.
The five-headed hydra completely misses you.
The five-headed hydra bites you!
* * * LOW HITPOINT WARNING * * *
The five-headed hydra completely misses you.
The five-headed hydra bites you but does no damage.
The five-headed hydra completely misses you.
There is a stone staircase leading down, spattered with blood here.
The five-headed hydra bites you but does no damage.
The five-headed hydra misses you.
The five-headed hydra completely misses you.
The five-headed hydra closely misses you.
The five-headed hydra barely misses you.
As you read the scroll of teleportation, it crumbles to dust.
You feel strangely unstable.
The five-headed hydra closely misses you.
The five-headed hydra bites you!
* * * LOW HITPOINT WARNING * * *
The five-headed hydra bites you.
You die...

### ##### ##.## #...####
##.#.################# #.......
..###.............(..# #...###.
##.#.#.###...###.###.#####...#...
.......###(..# #...............#.
###.##.......#######.#######...##
##.##..........####.####....8...
##[.........>..D@....>>.#........
.))..(..........#######.#........
##..##.###...#### #.#........
#..##.# #...# #.......... #..##.#
#...# #.......... ##..##.# ###.#
#..8...>... .......# #.#
##......... ##..#### #.#
#......... #..# #.# ##........


You could see a five-headed hydra.

Vanquished Creatures
  Gastronok (D:9)
  A two-headed ogre (D:9)
  Maggie (D:6)
  A kobold demonologist (D:8)
  Grinder (D:6)
  2 shadows
  2 wraiths (D:10)
  5 yaks
  A steam dragon (D:9)
  An acid dragon (D:10)
  Menkaure (D:6)
  2 two-headed ogre zombies (D:10)
  4 water moccasins
  4 orc warriors
  2 necrophages (D:7)
  A sky beast (D:6)
  2 centaurs (D:8)
  3 phantoms
  A kobold brigand (D:8)
  A bullfrog (D:8)
  A gnoll sergeant (D:8)
  2 scorpions (D:6)
  A water moccasin zombie (D:6)
  2 water moccasin skeletons
  A wyvern skeleton (D:7)
  3 troll zombies (D:10)
  11 wights
  A lava snake (D:10)
  A bullfrog zombie (D:5)
  2 centaur zombies
  A howler monkey (D:5)
  6 orc priests
  A gnoll shaman (D:7)
  3 hounds
  A jelly (D:4)
  2 centaur skeletons
  Ijyb (D:3)
  Natasha (thrice) (D:2)
  Terence (D:2)
  4 iguanas
  6 orc wizards
  3 ogre zombies (D:10)
  A hound zombie (D:5)
  A howler monkey zombie (D:6)
  Robin (D:2)
  22 gnolls
  4 adders
  A howler monkey skeleton (D:7)
  2 white imps
  2 worms (D:2)
  3 dart slugs
  35 orcs
  7 endoplasms
  A giant cockroach (D:2)
  13 goblins
  7 hobgoblins
  3 jackals (D:2)
  2 quokkas (D:1)
  7 ball pythons
  9 bats
  A frilled lizard (D:2)
  4 goblin skeletons (D:10)
  A goblin zombie (D:10)
  2 hobgoblin zombies (D:10)
  9 kobolds
  2 orc skeletons (D:10)
  16 orc zombies (D:10)
  5 rats
255 creatures vanquished.

Vanquished Creatures (others)
  3 orc wizards
  3 plants (D:4)
6 creatures vanquished.

Grand Total: 261 creatures vanquished

Notes
Turn   | Place    | Note
-------+----------+-------------------------------------------
     0 | D:1      | ytrimaz the Draconian Transmuter began the quest for the
                  | Orb.
     0 | D:1      | Reached XP level 1. HP: 16/16 MP: 3/3
   261 | D:1      | Reached XP level 2. HP: 18/23 MP: 5/5
   484 | D:1      | Found a faded altar of an unknown god.
  1176 | D:2      | Reached XP level 3. HP: 18/28 MP: 3/6
  1180 | D:2      | Learned a level 3 spell: Spider Form
  1643 | D:2      | Noticed Natasha
  1644 | D:2      | Noticed Terence
  1656 | D:2      | Killed Natasha
  1660 | D:2      | Killed Terence
  1661 | D:2      | Reached XP level 4. HP: 9/36 MP: 2/7
  1724 | D:2      | Noticed Natasha
  1734 | D:2      | Killed Natasha
  2028 | D:2      | Noticed Robin
  2038 | D:2      | Killed Robin
  2066 | D:2      | Reached XP level 5. HP: 29/41 MP: 4/9
  2095 | D:2      | Learned a level 2 spell: Wereblood
  2237 | D:2      | Noticed Natasha
  2244 | D:2      | Killed Natasha
  2742 | D:3      | Found a broken altar of Ashenzari.
  2913 | D:3      | Noticed Ijyb
  2932 | D:3      | HP: 2/42 [poisoned by Ijyb]
  2934 | D:3      | Killed Ijyb
  3808 | D:4      | Noticed a phantom
  3938 | D:4      | Killed a phantom
  3939 | D:4      | Reached XP level 6. HP: 43/50 MP: 7/11
  4182 | D:4      | Reached skill level 5 in Unarmed Combat
  4301 | D:4      | Identified a scroll of acquirement
  4301 | D:4      | Acquired 467 gold pieces
  4965 | D:5      | Entered Level 5 of the Dungeon
  5250 | D:5      | Your scales start taking on a glossy black colour.
  5250 | D:5      | Reached XP level 7. HP: 49/57 MP: 12/12
  5250 | D:5      | Gained mutation: You are resistant to electric shocks.
                  | (rElec) [Black Draconian growth]
  5423 | D:5      | Found an iron altar of Okawaru.
  5438 | D:5      | HP: 1/57 [gnoll (3)]
  5512 | D:4      | HP: 2/57 [gnoll (7)]
  6287 | D:5      | Found a sparkling altar of Nemelex Xobeh.
  6297 | D:5      | Found a shadowy altar of Dithmenos.
  6301 | D:5      | Found a stormy altar of Qazlal.
  6310 | D:5      | Became a worshipper of Dithmenos the Shadowed
  6460 | D:6      | Noticed Menkaure
  6470 | D:6      | Killed Menkaure
  6600 | D:6      | Reached XP level 8. HP: 36/66 MP: 14/14
  6871 | D:6      | Noticed Grinder
  6949 | D:6      | Paralysed by Grinder for 2 turns
  6956 | D:6      | Killed Grinder
  7759 | D:6      | Reached skill level 5 in Transmutations
  7859 | D:6      | Reached skill level 5 in Fighting
  7859 | D:6      | Reached skill level 5 in Spellcasting
  8046 | D:6      | Noticed Maggie
  8054 | D:6      | Killed Maggie
  8623 | D:7      | Reached XP level 9. HP: 41/75 MP: 17/17
  8801 | D:7      | Found a staircase to the Ecumenical Temple.
  8816 | Temple   | Entered the Ecumenical Temple
  8996 | D:7      | Reached * piety under Dithmenos
  9029 | D:7      | Noticed an angel
  9030 | D:7      | Found a shimmering altar of Xom.
  9038 | D:7      | Found a glowing silver altar of Zin.
  9049 | D:7      | Paralysed by an orc for 3 turns
 11289 | D:8      | Paralysed by something for 4 turns
 11482 | D:8      | Reached ** piety under Dithmenos
 12127 | D:9      | Noticed a kobold demonologist
 12170 | D:9      | Noticed a soul eater
 12190 | D:8      | Killed a kobold demonologist
 12191 | D:8      | Reached XP level 10. HP: 8/86 MP: 21/21
 12638 | D:9      | Identified the +0 buckler of the Lute {Will+ rCorr}
 12657 | D:8      | Learned a level 4 spell: Ice Form
 13401 | D:9      | Noticed Gastronok
 14226 | D:9      | Noticed a two-headed ogre
 14237 | D:9      | Killed a two-headed ogre
 14403 | D:9      | Found Nooseif's Antique Armour Shoppe.
 14671 | D:9      | Killed Gastronok
 14955 | D:9      | Learned a level 5 spell: Blade Hands
 15003 | D:10     | Entered Level 10 of the Dungeon
 15389 | D:10     | Found a staircase to the Orcish Mines.
 16441 | D:10     | Reached XP level 11. HP: 77/94 MP: 24/24
 16490 | D:10     | Found a shimmering blue altar of Sif Muna.
 16661 | D:10     | Found a basalt altar of Yredelemnul.
 16940 | D:10     | HP: 4/112 [troll zombie (2)]
 17548 | D:10     | Reached *** piety under Dithmenos
 17838 | D:11     | Noticed a five-headed hydra
 17839 | D:11     | Noticed Harold
 17839 | D:11     | Noticed Urug
 18114 | D:10     | HP: 3/94 [five-headed hydra (13)]
 18114 | D:10     | Slain by a five-headed hydra

Illustrated notes

Levels and vault maps discovered:
D:1:      minmay_arrival_semitransparent, layout_basic, basic_ecumenical_altar,
          serial_rivers, chequers_serial_rivers_small_b,
          chequers_serial_rivers_room_a, chequers_serial_rivers_micro_e,
          chequers_serial_rivers_room_b, chequers_serial_rivers_micro_d
D:2:      layout_basic, uniq_robin, uniq_natasha, uniq_terence
D:3:      layout_loops_ring, nicolae_ashenzari_skybound, uniq_ijyb
D:4:      wad_lake_hut, layout_basic
D:5:      layout_gridville, lemuel_crystal_altar,
          minmay_overflow_temple_star_quad
D:6:      layout_loops_ring, uniq_maggie, uniq_grinder, uniq_menkaure
D:7:      layout_basic, grunt_temple_overflow_order_and_chaos_1,
          minmay_temple_entry_glassed_door
D:8:      minmay_thinvault, layout_basic
D:9:      layout_rooms, serial_shops, shop_statue, uniq_gastronok
D:10:     layout_loops_ring, mainiacjoe_overflow_catch_the_wave,
          zombieorc2_lemuel
D:11:     layout_rooms, grunt_lair_entry_orc_guard_hut,
          portal_ice_cave_entry_pillars_2, serial_shops,
          nicolae_shop_behind_doors, minmay_pinched_square, uniq_harold,
          uniq_maurice, uniq_urug
Temple:   cyrus_circular_temple

Skill      XL: |  1  2  3  4  5  6  7  8  9 10 |
---------------+-------------------------------+-----
Unarmed Combat | 4 5 6 7 |  7.0
Fighting       | 2 3 4 5 7 8 |  8.0
Spellcasting   | 3 4 5 7 9 |  9.6
Transmutations | 3 4 5 7 9 |  9.6
Dodging        | 2 3 |  3.9

Action                   |  1- 3 |  4- 6 |  7- 9 | 10-12 || total
-------------------------+-------+-------+-------+-------++-------
Melee: Unarmed           |    97 |   166 |   446 |   284 ||   993
       Kick              |    12 |    19 |    41 |    28 ||   100
       Headbutt          |    10 |     7 |    25 |    12 ||    54
       Tailslap          |     6 |    11 |    29 |    24 ||    70
       Punch             |     1 |     1 |     5 |     1 ||     8
 Cast: Beastly Appendage |    16 |    10 |    28 |    12 ||    66
       Spider Form       |     2 |    10 |    24 |     6 ||    42
       Wereblood         |       |     4 |    20 |    15 ||    39
       Ice Form          |       |       |       |    10 ||    10
       Blade Hands       |       |       |       |     8 ||     8
 Abil: Breathe Lightning |       |       |    16 |       ||    16
  Use: Scroll            |       |     7 |    10 |     4 ||    21
       Potion            |       |       |     7 |     1 ||     8
 Stab: Sleeping          |     1 |       |     1 |       ||     2
Armor: Skin              |    39 |    29 |    91 |    97 ||   256
Dodge: Dodged            |   102 |   144 |   399 |   251 ||   896

Table legend: (Time is in decaauts)
 A = Elapsed time spent in this place.
 B = Non-inter-level travel time spent in this place.
 C = Inter-level travel time spent in this place.
 D = Time resting spent in this place.
 E = Time spent auto-exploring this place.
 F = Levels seen in this place.
 G = Mean time per level.
                   A        B        C        D        E       F      G
               +--------+--------+--------+--------+--------+-----+--------+
         Total |  18134 |  17708 |    426 |   5425 |   9198 |  12 | 1511.2 |
       Dungeon |  18082 |  17664 |    418 |   5425 |   9164 |  11 | 1643.8 |
        Temple |     51 |     43 |      8 |      0 |     34 |   1 |   51.0 |
               +--------+--------+--------+--------+--------+-----+--------+

Top non-repeatable levels by time:
     D:8: 3655 daAuts
     D:6: 2373 daAuts
    D:10: 2301 daAuts
     D:9: 1890 daAuts
     D:4: 1476 daAuts
     D:2: 1437 daAuts
     D:7: 1433 daAuts
     D:3: 1284 daAuts
     D:1: 1141 daAuts
     D:5: 1077 daAuts
  Temple: 51 daAuts
    D:11: 10 daAuts
